 Dungeon Crawl Stone Soup version 0.27-a0-1140-g099f9bb0e8 (webtiles) character file.

Game seed: 5499114135875687302

140 heikuro the Skirmisher (level 5, 0/42 HPs)
             Began as a Formicid Abyssal Knight on May 9, 2021.
             Was a Follower of Lugonu.
             Slain by a gnoll
             ... wielding a +0 halberd
              (4 damage)
             ... on level 4 of the Dungeon.
             The game lasted 00:06:26 (3593 turns).

heikuro the Skirmisher (Formicid Abyssal Knight)    Turns: 3593, Time: 00:06:27

Health: 0/42       AC:  6    Str: 18    XL:     5   Next: 46%
Magic:  7/7        EV: 10    Int: 11    God:    Lugonu [*.....]
Gold:   52         SH:  0    Dex: 10    Spells: 4/4 levels left

rFire    . . .     SeeInvis +   b - +0 hunting sling
rCold    . . .     Faith    .   (no shield)
rNeg     . . .     Spirit   .   i - +0 ring mail
rPois    .         Reflect  .   (helmet unavailable)
rElec    .         Harm     .   (no cloak)
rCorr    .         Rampage  .   k - +0 pair of gloves
Will     .....                  (no boots)
Stlth    ..........             (no amulet)
HPRegen  0.14/turn              (no ring)
MPRegen  0.10/turn              (no ring)

@: no status effects
A: permanent stasis, dig shafts and tunnels, antennae 3, four strong arms
a: Dig, Shaft Self, Renounce Religion, Depart the Abyss


You were on level 4 of the Dungeon.
You worshipped Lugonu.
Lugonu was aware of your devotion.
You visited 1 branch of the dungeon, and saw 4 of its levels.
You visited the Abyss 1 time.

You collected 52 gold pieces.

Inventory:

Hand Weapons
 a - a +1 hand axe
 b - a +0 hunting sling (weapon)
Missiles
 f - 10 poisoned darts
 n - 36 sling bullets (quivered ammo)
Armour
 i - a +0 ring mail (worn)
 k - a +0 pair of gloves (worn)
Scrolls
 c - a scroll of amnesia {unknown}
 d - a scroll of vulnerability {unknown}
 e - a scroll of enchant armour {unknown}
 g - 2 scrolls of identify {unknown}
 j - a scroll of fear {unknown}
 l - a scroll of fog {unknown}
 m - a scroll of silence {unknown}
Potions
 h - 3 potions of lignification {unknown}
 o - a potion of attraction {unknown}
 p - a potion of magic {unknown}


   Skills:
 + Level 4.0 Fighting
 * Level 3.5 Axes
 + Level 0.9 Slings
 + Level 3.1 Armour
 - Level 1.0 Dodging
 + Level 3.3 Invocations


You had 4 spell levels left.
You didn't know any spells.
Your spell library was empty.

Dungeon Overview and Level Annotations

Branches:
Dungeon (4/15)
 Temple: D:4-7

Altars:

Annotations:
D:3 1 runed translucent door, leviel's ghost, amateur MiFi
D:4 Robin


Innate Abilities, Weirdness & Mutations

You cannot be hasted, slowed, berserked, paralysed or teleported.
You can dig through walls and to a lower floor.
You have a pair of large antennae on your head. (SInv)
Your four strong arms can wield two-handed weapons with a shield.


Message History

You start resting.
HP restored.
You climb downwards.
Level annotation: Robin
Found 11 gold pieces.
There is a stone staircase leading up here.
A gnoll comes into view. It is wielding a +0 halberd.
The gnoll shouts!
You hear a shout!
The gnoll moves out of view. 2 gnolls come into view.
The gnoll shouts!
The gnoll moves out of view.
The gnoll closely misses you.
There is a stone staircase leading up here.
b - a +0 hunting sling (weapon)
You shoot a sling bullet.
The sling bullet closely misses the gnoll.
The gnoll closely misses you.
You shoot a sling bullet. The sling bullet hits the gnoll.
The gnoll is lightly wounded.
The gnoll closely misses you.
You shoot a sling bullet.
The sling bullet hits the gnoll but does no damage.
You shoot a sling bullet. The sling bullet hits the gnoll.
The gnoll is lightly wounded.
The gnoll barely misses you. x2
You shoot a sling bullet. The sling bullet hits the gnoll.
The gnoll is heavily wounded.
The gnoll barely misses you. x2
You shoot a sling bullet.
The sling bullet hits the gnoll but does no damage.
The gnoll is heavily wounded.
The gnoll hits you from afar with a +0 halberd.
The gnoll barely misses you.
You shoot a sling bullet. The sling bullet hits the gnoll.
The gnoll is severely wounded.
The gnoll hits you from afar with a +0 halberd! x3
* * * LOW HITPOINT WARNING * * *
The gnoll hits you from afar with a +0 halberd.
You die...

#......# #.
##.....$ ### #.
#......##... #.
#......(.. #. #.
#.g.....# #..###.
#......#######.....
###g.............<
##..g########...#.#
#.@........... #..
####........ .....
#........ #####
#........ .
#........ ##
####.#### # .# # .


You could see 2 gnolls.

Vanquished Creatures
  An iguana (D:4)
  5 adders
  3 dart slugs
  2 orcs (D:3)
  3 endoplasms
  2 giant cockroaches
  6 goblins
  3 hobgoblins (D:3)
  6 jackals
  4 kobolds
  2 quokkas
  6 ball pythons
  7 bats
  2 frilled lizards (D:3)
  7 rats
59 creatures vanquished.

Notes
Turn   | Place    | Note
-------+----------+-------------------------------------------
     0 | Abyss:1  | heikuro the Formicid Abyssal Knight began the quest for the
                  | Orb.
     0 | Abyss:1  | Reached XP level 1. HP: 18/18 MP: 2/2
    56 | Abyss:1  | Found a corrupted altar of Lugonu.
   110 | Abyss:1  | Noticed a neqoxec
   111 | D:1      | Escaped the Abyss
   293 | D:1      | Reached skill level 1 in Dodging
   536 | D:1      | Reached XP level 2. HP: 23/24 MP: 3/3
   541 | D:1      | Reached * piety under Lugonu
  1024 | D:2      | Reached XP level 3. HP: 15/29 MP: 3/5
  1718 | D:2      | Reached XP level 4. HP: 33/37 MP: 6/6
  1984 | D:2      | Found a faded altar of an unknown god.
  2171 | D:3      | Noticed leviel's ghost (amateur MiFi)
  2172 | D:3      | Found a runed translucent door.
  2502 | D:3      | Reached ** piety under Lugonu
  2604 | D:3      | Reached XP level 5. HP: 32/42 MP: 7/7
  3249 | D:4      | Noticed Robin
  3250 | D:4      | Noticed a black bear
  3305 | D:4      | Reached skill level 4 in Fighting
  3593 | D:4      | Slain by a gnoll

Illustrated notes

Levels and vault maps discovered:
D:1:      evilmike_arrival_hilbert_curve, layout_basic
D:2:      layout_loops_cross, shapermc_ecumenical_altar_mp_vishouse,
          nrook_mini_backslash, nicolae_underground_beach
D:3:      layout_basic, hellmonk_ghost_happy_afterlife
D:4:      layout_rooms, minivault_24, uniq_robin

Skill      XL: |  1  2  3  4  5 |
---------------+----------------+-----
Dodging        | 1 |  1.0
Axes           | 3 |  3.5
Invocations    | 3 |  3.3
Armour         | 3 |  3.1
Fighting       | 4 |  4.0
Slings         | |  0.9

Action                   |  1- 3 |  4- 6 || total
-------------------------+-------+-------++-------
Melee: Hand axe          |    94 |    86 ||   180
 Fire: Hunting sling     |       |    21 ||    21
Throw: Dart              |     3 |     2 ||     5
Invok: Depart the Abyss  |     1 |       ||     1
 Stab: Sleeping          |     1 |       ||     1
Armor: Leather armour    |    29 |       ||    29
       Ring mail         |    21 |    39 ||    60
Dodge: Dodged            |    63 |    76 ||   139

Table legend: (Time is in decaauts)
 A = Elapsed time spent in this place.
 B = Non-inter-level travel time spent in this place.
 C = Inter-level travel time spent in this place.
 D = Time resting spent in this place.
 E = Time spent auto-exploring this place.
 F = Levels seen in this place.
 G = Mean time per level.
                   A        B        C        D        E       F      G
               +--------+--------+--------+--------+--------+-----+--------+
         Total |   3619 |   3415 |    204 |    735 |   2019 |   5 |  723.8 |
       Dungeon |   3508 |   3304 |    204 |    735 |   1910 |   4 |  877.0 |
         Abyss |    111 |    111 |      0 |      0 |    109 |   1 |  111.0 |
               +--------+--------+--------+--------+--------+-----+--------+

Top non-repeatable levels by time:
     D:3: 1470 daAuts
     D:2: 1137 daAuts
     D:1: 811 daAuts
 Abyss:1: 111 daAuts
     D:4: 88 daAuts
